Map: Romanticide LE

Players

hello - Winner!

  • Race: Terran Terran
  • League: Master
  • Spawn Location: 11:00

CholmesInk

  • Race: Zerg Zerg
  • League: Diamond
  • Spawn Location: 5:00

VOD

Have the link to the VOD?

Description

Time

  • Played on: Jan. 21, 2021, 2:47 p.m.
  • Length: 14:19
Show
View Real Time Build Order
Export as new Build Order

hello Terran - Winner!

Build Orders: Hellion Opening 

Get SALT Encoding   

  12  0:00  SCV  
  13  0:12  SCV  
  14  0:17  Supply Depot  
  14  0:24  SCV  
  15  0:38  SCV  
  15  0:42  Barracks  
  16  0:46  Refinery  
  16  0:51  SCV  
  17  1:03  SCV  
  18  1:15  SCV  
  19  1:28  Orbital Command  
  19  1:30  Barracks Reactor  
  19  1:42  Command Center  
  19  1:54  SCV  
  19  1:59  Supply Depot  
  20  2:06  SCV  
  20  2:08  Marine x2  
  22  2:15  Factory  
  23  2:20  SCV  
  24  2:26  Marine x2  
  26  2:31  Refinery  
  26  2:36  SCV  
  27  2:43  Marine  
  27  2:44  Marine  
  28  2:48  SCV  
  30  3:00  SCV  
  31  3:12  Armory  
  31  3:13  Starport, Hellion  
  31  3:14  Hellion  
  31  3:16  Marine  
  36  3:21  Orbital Command  
  36  3:24  SCV  
  37  3:37  Hellion x2  
  37  3:40  SCV  
  42  3:52  SCV  
  42  3:58  Hellion x2  
  46  4:05  Supply Depot  
  46  4:06  SCV x2  
  48  4:10  Supply Depot  
  48  4:11  Marine  
  48  4:15  Medivac  
  51  4:18  SCV  
  52  4:28  Hellion x2  
  52  4:29  SCV  
  57  4:32  SCV  
  57  4:34  Supply Depot  
  57  4:37  Barracks Tech Lab  
  58  4:41  SCV  
  58  4:43  Supply Depot  
  58  4:44  SCV  
  60  4:55  Supply Depot  
  60  4:56  SCV x2  
  62  5:04  Liberator  
  65  5:12  Marine x2  
  65  5:13  Siege Tank  
  70  5:15  SCV  
  71  5:24  Hellion x6, SCV  
  71  5:27  SCV  
  73  5:36  Marine x2  
  73  5:37  SCV  
  73  5:39  SCV  
  77  5:53  Barracks  
  77  5:54  Barracks  
  77  5:56  SCV x2  
  71  6:02  Marine x2  
  71  6:04  Siege Tank  
  74  6:08  Starport Reactor  
  72  6:11  Command Center  
  68  6:18  SCV x2  
  68  6:19  Engineering Bay x2  
  68  6:22  Supply Depot  
  68  6:23  Barracks x2  
  70  6:30  SCV x2  
  70  6:31  Marine x2  
  70  6:32  Refinery  
  71  6:33  Refinery  
  71  6:34  Terran Vehicle And Ship Armor Level 1  
  71  6:42  SCV  
  71  6:43  SCV  
  73  6:48  Factory Reactor  
  73  6:49  Marine x2  
  73  6:50  Starport Reactor  
  75  6:55  SCV x2  
  75  6:56  Marine x2, Stimpack  
  75  6:57  Terran Infantry Armor Level 1, Terran Infantry Weapons Level 1  
  79  7:04  Missile Turret  
  79  7:07  SCV x2, Missile Turret  
  81  7:11  Supply Depot, Marine x2, Barracks Reactor x2  
  81  7:12  Marine  
  81  7:14  Supply Depot, Marine x2  
  86  7:27  SCV x2  
  88  7:31  Bunker  
  88  7:32  Supply Depot  
  88  7:33  Medivac x2  
  92  7:38  Missile Turret  
  92  7:44  Marine x3  
  92  7:47  Orbital Command  
  92  7:49  SCV x2  
  97  7:58  Marine x5  
  98  7:59  Marine  
  98  8:01  SCV x2  
  98  8:02  Marine  
  98  8:03  Supply Depot  
  98  8:05  Medivac x2  
  110  8:08  Marine  
  111  8:13  SCV x2, Marine  
  111  8:16  Marine x3  
  116  8:21  Missile Turret  
  116  8:24  Supply Depot  
  116  8:26  Marine x5  
  120  8:27  Supply Depot, Widow Mine x2  
  120  8:30  Factory  
  124  8:35  Combat Shield  
  124  8:37  Terran Vehicle And Ship Armor Level 2  
  124  8:39  Marine x3  
  127  8:42  Marine  
  127  8:44  Marine  
  127  8:47  Marine  
  127  8:48  Marine  
  130  8:50  Supply Depot  
  130  8:52  Supply Depot  
  130  8:53  Marine x2  
  132  8:57  Marine x3  
  132  8:59  Terran Infantry Weapons Level 2  
  132  9:00  Marine, Terran Infantry Armor Level 2  
  132  9:01  Marine  
  137  9:05  SCV x3  
  140  9:17  SCV  
  140  9:19  Marine x4  
  140  9:20  Marine x5  
  140  9:21  Factory Tech Lab, Widow Mine x2  
  153  9:31  Supply Depot  
  153  9:32  Supply Depot  
  153  9:36  SCV x3  
  153  9:38  Marine x2  
  147  9:46  Marine x2  
  147  9:47  Marine  
  147  9:48  SCV x3  
  147  9:51  Marine x4  
  157  9:53  Widow Mine  
  157  9:56  Marine  
  160  10:00  SCV  
  146  10:10  Drilling Claws, Widow Mine x2  
  146  10:12  SCV x3  
  148  10:17  Command Center  
  148  10:31  Marine  
  148  10:32  Marine x7, Marauder  
  148  10:33  Widow Mine x2  
  148  10:35  Barracks x3  
  122  10:43  Widow Mine  
  122  10:49  Marine x3  
  125  10:53  Marine, Terran Vehicle And Ship Armor Level 3  
  125  10:54  Marine x5, Widow Mine  
  125  10:56  Refinery  
  135  10:58  Refinery  
  135  11:06  Medivac x2  
  135  11:07  Marine x3  
  142  11:11  Marine  
  142  11:12  Marauder  
  142  11:13  Marine x4  
  142  11:18  Concussive Shells  
  149  11:21  SCV  
  149  11:22  SCV x2  
  149  11:25  Barracks Tech Lab x3, Marine x2  
  153  11:31  Ghost Academy  
  153  11:32  Terran Infantry Armor Level 3  
  153  11:33  SCV  
  153  11:34  Marauder  
  153  11:36  Medivac  
  156  12:00  Marine  
  156  12:01  Marine x10  
  143  12:02  Marauder  
  143  12:03  Widow Mine x2  
  154  12:16  Personal Cloaking  
  154  12:18  Marine  
  154  12:19  Marine x5, Marauder x2  
  154  12:21  Marauder  
  166  12:25  Medivac  
  168  12:41  Planetary Fortress  
  168  12:46  Missile Turret  
  168  12:47  Marine x4  
  168  12:48  Marine x5  
  168  12:49  Marine  
  178  12:59  Medivac x2  
  181  13:07  Marine x3, Marauder x2  
  188  13:16  Command Center  
  188  13:17  Supply Depot  
  188  13:18  Marine x6  
  194  13:38  Marine  
  194  13:39  Marine x9, Marauder  
  194  13:40  Marauder, Widow Mine  
  187  13:56  Marine x2  
  187  13:58  Marine, Marauder  
  200  14:03  Fusion Core  
  200  14:07  Starport  
  200  14:09  Starport  
Show
View Real Time Build Order
Export as new Build Order

CholmesInk Zerg 

Build Orders: Hatch First, Muta Ling Bane 

Get SALT Encoding   

  12  0:00  Drone  
  13  0:12  Overlord  
  13  0:16  Drone  
  14  0:30  Drone x2  
  16  0:38  Drone  
  17  0:52  Hatchery  
  17  0:55  Drone  
  17  0:58  Drone  
  17  1:01  Extractor  
  17  1:13  Spawning Pool  
  17  1:16  Drone  
  17  1:24  Drone  
  18  1:33  Drone  
  19  1:41  Overlord  
  19  1:50  Drone  
  20  2:01  Queen  
  22  2:02  Metabolic Boost  
  22  2:04  Queen  
  22  2:07  Zergling x2  
  25  2:09  Zergling x2  
  26  2:18  Drone x2  
  28  2:27  Drone x2  
  30  2:34  Drone  
  31  2:39  Overlord  
  31  2:51  Zergling x4  
  33  2:57  Queen, Baneling Nest  
  33  2:58  Spine Crawler  
  33  3:00  Queen  
  33  3:05  Overlord  
  36  3:25  Overlord  
  36  3:26  Drone, Hatchery  
  36  3:27  Drone  
  37  3:39  Drone x5  
  39  3:57  Drone x4  
  39  3:58  Drone x3  
  45  4:09  Extractor  
  44  4:14  Overlord, Drone x3  
  47  4:22  Extractor  
  47  4:23  Extractor  
  45  4:34  Zergling x8  
  45  4:35  Drone x4  
  53  4:42  Lair  
  53  4:43  Queen  
  55  4:55  Drone x4  
  55  4:56  Overlord  
  55  4:58  Overlord x2  
  59  5:03  Drone x2  
  59  5:04  Evolution Chamber, Zergling x4  
  59  5:05  Zergling x2  
  63  5:07  Overlord  
  63  5:08  Evolution Chamber  
  63  5:12  Pneumatized Carapace  
  62  5:21  Baneling  
  62  5:22  Baneling x4  
  62  5:23  Zergling x2  
  62  5:24  Zergling x4  
  66  5:30  Zergling x4  
  66  5:31  Zergling x6  
  70  5:47  Zergling x8  
  74  5:50  Hatchery  
  64  6:36  Drone x3, Spire  
  64  6:37  Drone  
  67  6:47  Zerg Ground Armor Level 1, Zerg Melee Weapons Level 1  
  67  6:53  Hatchery  
  66  6:57  Centrifical Hooks, Baneling  
  66  6:58  Overlord, Baneling x3  
  66  6:59  Overlord x2  
  66  7:01  Drone x2  
  66  7:04  Drone  
  69  7:11  Overseer  
  69  7:25  Drone x2  
  69  7:26  Drone x8  
  79  7:48  Mutalisk x7  
  79  7:49  Mutalisk  
  95  7:56  Overlord x2  
  95  7:57  Drone x2  
  95  7:58  Drone x2  
  99  7:59  Extractor  
  99  8:00  Extractor  
  97  8:13  Zergling x10  
  97  8:14  Zergling x10  
  107  8:24  Mutalisk x3  
  107  8:25  Mutalisk  
  115  8:36  Infestation Pit  
  114  8:51  Drone x3  
  114  8:54  Drone x5  
  114  8:55  Drone x7  
  127  8:56  Drone  
  127  9:00  Baneling x11  
  127  9:01  Baneling  
  130  9:06  Hatchery  
  130  9:07  Zerg Melee Weapons Level 2  
  130  9:09  Overlord x3  
  129  9:19  Mutalisk x2  
  122  9:41  Mutalisk, Hatchery  
  122  9:42  Mutalisk x2  
  111  9:47  Zergling x2  
  111  9:48  Zergling x28  
  119  10:12  Hive  
  119  10:14  Baneling  
  119  10:15  Baneling x6  
  119  10:16  Zergling x26  
  98  10:49  Extractor, Zergling x2  
  98  10:50  Extractor, Zergling x28  
  98  10:53  Baneling x14  
  98  10:54  Baneling x3  
  105  11:14  Overseer x2  
  105  11:35  Adrenal Glands  
  103  11:41  Drone x7  
  103  11:42  Drone x4  
  103  11:46  Zergling x2  
  103  11:47  Zergling x30  
  108  12:08  Zergling x10  
  103  12:09  Zergling x16  
  103  12:10  Zergling x2  
  116  12:20  Extractor  
  115  12:23  Overlord  
  115  12:24  Overlord x3  
  115  12:31  Baneling  
  115  12:32  Baneling x15  
  115  12:33  Overlord  
  115  12:35  Overseer  
  115  12:41  Hatchery  
  114  12:44  Spore Crawler  
  113  13:00  Hatchery  
  113  13:04  Zergling x2  
  113  13:05  Zergling x32  
  128  13:20  Zergling x18  
  128  13:21  Zergling x2  
  134  13:36  Zergling x2  
  134  13:37  Zergling x26  
  134  13:39  Baneling x6  
  93  13:49  Zergling x2  
  93  13:50  Zergling x10  
  91  13:56  Zergling x6  
Tags
 
Add a new tag
Caveats
  • Supply blocks, unpowered buildings, or Contaminate may cause inaccurate times.
  • Supply counts are checked every 10 seconds.